 Dungeon Crawl Stone Soup version 0.28-a0-803-g74956062c1 (webtiles) character file.

Game seed: 3245619170786913036

14 BinkBink the Skirmisher (level 2, 0/24 HPs)
             Began as a Demonspawn Fighter on Nov 7, 2021.
             Succumbed to a goblin's poison
             ... on level 1 of the Dungeon.
             The game lasted 00:01:38 (443 turns).

BinkBink the Skirmisher (Demonspawn Fighter)         Turns: 443, Time: 00:01:39

Health: 0/24       AC: 15    Str: 16    XL:     2   Next: 31%
Magic:  2/2        EV:  9    Int:  9    God:
Gold:   26         SH:  4    Dex: 12    Spells: 1/1 levels left

rFire   . . .      SeeInvis .   a - +0 rapier
rCold   . . .      Faith    .   c - +0 buckler
rNeg    . . .      Spirit   .   b - +0 scale mail
rPois   .          Reflect  .   f - +0 helmet
rElec   .          Harm     .   (no cloak)
rCorr   .          Rampage  .   h - +0 pair of gloves
Will    .....                   (no boots)
Stlth   ..........              (no amulet)
HPRegen 0.08/turn               (no ring)
MPRegen 0.08/turn               (no ring)

@: mighty, brilliant, lethally poisoned (0 -> -9), sanguine armoured, flying
A: sanguine armour 1
a: no special abilities


You were on level 1 of the Dungeon.
You visited 1 branch of the dungeon, and saw 1 of its levels.

You collected 26 gold pieces.

Inventory:

Hand Weapons
 a - a +0 rapier (weapon)
Armour
 b - a +0 scale mail (worn)
 c - a +0 buckler (worn)
 f - a +0 helmet (worn)
 h - a +0 pair of gloves (worn)
Scrolls
 j - a scroll of identify {unknown}
Potions
 e - a potion of brilliance


   Skills:
 + Level 3.3 Fighting
 + Level 1.9 Short Blades
 + Level 2.9 Armour
 + Level 2.8 Shields


You had one spell level left.
You didn't know any spells.
Your spell library contained the following spells:

 Spells                   Type           Power      Damage    Failure   Level
 Call Canine Familiar     Summ           0%         N/A       99%         3
 Portal Projectile        Hex/Tloc       0%         N/A       99%         3
 Leda's Liquefaction      Hex/Erth       0%         N/A       100%        4


Dungeon Overview and Level Annotations

Branches:
Dungeon (1/15)

Altars:

Shops:
D:1 :


Innate Abilities, Weirdness & Mutations

When seriously injured, your bleeding wounds create armour. (AC +6)


Message History

No target in view!
No target in view!
You see here a ball python corpse.
You enter the shallow water.
Moving in this stuff is going to be slow.
j - a scroll labelled AFUZEATHAW Unknown command.
A goblin comes into view. It is wielding a +3 dagger of venom.
The goblin shouts!
A quokka comes into view.
The quokka twitches its whiskers.
The goblin closely misses you.
You closely miss the goblin. The goblin hits you but does no damage.
You are poisoned.
You closely miss the goblin.
You feel sick.
The goblin hits you with a +3 dagger of venom.
You are lethally poisoned!
You hit the goblin but do no damage.
Your blood congeals into armour.
You feel very sick. The goblin completely misses you.
You are too injured to fight recklessly!
You are too injured to fight recklessly!
You feel very mighty all of a sudden.
* * * LOW HITPOINT WARNING * * *
You feel very sick. You block the goblin's attack.
It was a potion of brilliance.
You feel clever all of a sudden.
* * * LOW HITPOINT WARNING * * *
You feel very sick. You block the goblin's attack.
It was a potion of flight.
You feel very buoyant.
You fly up into the air.
* * * LOW HITPOINT WARNING * * *
You feel sick. The goblin barely misses you.
As you read the scroll labelled PUACWO SIEGGU, it crumbles to dust.
It is a scroll of amnesia.
You feel forgetful for a moment.
You die...

### #..# #.+.♣.<.♣.'...# #
##.# #.#.......#.....# # #.#
#.###.♣.###...#.# # ##.##
#...#...# ......#
######...####...#####....#.##
.........................#.#
######...#.#####.###.#####.#
##PP..##.# #.# ##≈.≈≈.##.#
#@# ##..≈.≈P≈≈..# #g#
#.≈≈♣PP♣≈P≈.# #r#
..≈♣♣♣♣♣P≈P... ... .P≈♣
♣≈P.## #.. #≈P♣ ≈≈## ##..
#≈≈≈♣ ≈.# .. ##≈PP≈ ...
####P≈P


You could see a quokka and a goblin.

Vanquished Creatures
  2 dart slugs (D:1)
  2 bats (D:1)
  2 quokkas (D:1)
  A ball python (D:1)
  2 frilled lizards (D:1)
  2 rats (D:1)
11 creatures vanquished.

Vanquished Creatures (others)
  3 plants (D:1)
3 creatures vanquished.

Grand Total: 14 creatures vanquished

Notes
Turn   | Place    | Note
-------+----------+-------------------------------------------
     0 | D:1      | BinkBink the Demonspawn Fighter began the quest for the
                  | Orb.
     0 | D:1      | Reached XP level 1. HP: 18/18 MP: 1/1
   274 | D:1      | Gained mutation: When seriously injured, your bleeding
                  | wounds create armour. (AC +6) [demonic ancestry]
   274 | D:1      | Reached XP level 2. HP: 24/24 MP: 2/2
   323 | D:1      | Found Wucs's Book Boutique.
   443 | D:1      | Succumbed to a goblin's poison

Illustrated notes

Levels and vault maps discovered:
D:1:      dpeg_arrival_simpleton_c, layout_loops_ring, serial_glass,
          glass_columns_c, glass_columns_a, item_on_display_b, feat_on_display,
          serial_shops, shop, serial_bayou_pond_c

Action                   || total
-------------------------++-------
Melee: Rapier            ||    34
  Use: Potion            ||     3
       Scroll            ||     1
Armor: Scale mail        ||     9
Dodge: Dodged            ||    11
Block: Buckler           ||    10

Table legend: (Time is in decaauts)
 A = Elapsed time spent in this place.
 B = Non-inter-level travel time spent in this place.
 C = Inter-level travel time spent in this place.
 D = Time resting spent in this place.
 E = Time spent auto-exploring this place.
 F = Levels seen in this place.
 G = Mean time per level.
                   A        B        C        D        E       F      G
               +--------+--------+--------+--------+--------+-----+--------+
         Total |    450 |    450 |      0 |      0 |    336 |   1 |  450.0 |
       Dungeon |    450 |    450 |      0 |      0 |    336 |   1 |  450.0 |
               +--------+--------+--------+--------+--------+-----+--------+

Top non-repeatable levels by time:
     D:1: 450 daAuts
